 Dungeon Crawl Stone Soup version 0.24.0-13-gcf9b319 (webtiles) character file.

Game seed: 10418051015843113636, levelgen mode: deterministic

944 southernslant the Ducker (level 8, 0/62 HPs)
             Began as a Merfolk Gladiator on Jan 30, 2020.
             Slain by a scorpion (2 damage)
             ... on level 5 of the Dungeon.
             The game lasted 00:12:27 (3446 turns).

southernslant the Ducker (Merfolk Gladiator)        Turns: 3446, Time: 00:12:27

Health: 0/62       AC:  9    Str: 16    XL:     8   Next: 12%
Magic:  5/10       EV: 17    Int: 11    God:
Gold:   250        SH:  0    Dex: 16    Spells: 8/10 levels left

rFire    + . .     SeeInvis .   a - +0 trident
rCold    . . .     Gourm    .   (no shield)
rNeg     . . .     Faith    .   y - +1 leather armour "Houn" {rF+ rCorr}
rPois    .         Spirit   .   c - +0 helmet
rElec    .         Reflect  .   o - +1 cloak
rCorr    +         Harm     .   (no gloves)
MR       .....                  (no boots)
Stlth    +.........             (no amulet)
HPRegen  0.20/turn              w - +2 ring of protection
MPRegen  0.12/turn              j - +4 ring of intelligence

@: no status effects
A: change form in water, swift swim, stealthy swim
a: no special abilities


You were on level 5 of the Dungeon.
You were not hungry.

You visited 1 branch of the dungeon, and saw 5 of its levels.

You collected 250 gold pieces.

Inventory:

Hand Weapons
 a - a +0 trident (weapon)
 p - a +3 rapier
Missiles
 d - 3 throwing nets
 h - 7 atropa-tipped darts
 m - 7 javelins
 r - 13 poisoned darts (quivered)
 z - 20 arrows
Armour
 b - a +0 leather armour
 c - a +0 helmet (worn)
 o - a +1 cloak (worn)
 y - the +1 leather armour "Houn" (worn) {rF+ rCorr}
   (You found it on level 4 of the Dungeon)

   It protects you from fire.
   It provides partial protection from all sources of acid and corrosion.
Jewellery
 j - a +4 ring of intelligence (right hand)
 v - an uncursed amulet of faith
 w - a +2 ring of protection (left hand)
Scrolls
 e - 3 scrolls of noise {unknown}
 k - 4 scrolls of remove curse
 n - 6 scrolls of identify
 s - a scroll of fear {unknown}
 t - a scroll of teleportation {unknown}
 x - a scroll of amnesia {unknown}
Potions
 g - a potion of invisibility {unknown}
 i - 3 potions of mutation {unknown}
 l - a potion of might
 q - 5 potions of curing
 u - a potion of heal wounds {unknown}
 B - 2 potions of cancellation {unknown}
Comestibles
 f - 7 rations
 A - 4 chunks of flesh


   Skills:
 * Level 5.3 Fighting
 - Level 6.1 Polearms
 + Level 3.6 Throwing
 + Level 2.1 Armour
 * Level 7.5 Dodging
 - Level 0.3 Stealth
 + Level 1.5 Spellcasting
 + Level 2.2 Transmutations


You had 8 spell levels left.
You knew the following spells:

 Your Spells              Type           Power        Failure   Level  Hunger
a - Sticks to Snakes      Tmut           #.......     24%         2    ###....

Your spell library contained the following spells:

 Spells                   Type           Power        Failure   Level  Hunger
 Beastly Appendage        Tmut           #.....       16%         1    ##.....
 Spider Form              Tmut/Pois      #.........   58%         3    ####...
 Ice Form                 Ice/Tmut       #.......     94%         4    #####..
 Blade Hands              Tmut           #.........   99%         5    ######.


Dungeon Overview and Level Annotations

Branches:
Dungeon (5/15)
 Temple: D:4-7

Altars:
Kikubaaqudgha
Qazlal


Message History

* * * LOW HITPOINT WARNING * * *
x2 You hit Edmund.
Edmund is almost dead.
Edmund completely misses you.
You hit Edmund.
You kill Edmund!
You closely miss the scorpion.
The scorpion is moderately wounded.
The scorpion completely misses you.
You closely miss the scorpion.
The scorpion is moderately wounded.
The scorpion misses you.
Your magical contamination has completely faded away.
You hit the scorpion.
The scorpion is heavily wounded.
The scorpion barely misses you.
You hit the scorpion but do no damage.
The scorpion is heavily wounded.
The scorpion stings you.
You die...

#.........
#....(...
#.......#
#.......+
#.......#
#.......#
#.......#
####s#####
#..@>....#
#..
#.....##.##
#...#
#.....##..#
#...#
#########.##
#...## #..#
#.....
##.######...
#..........
#..........
#..........


You could see a scorpion.

Vanquished Creatures
  Menkaure (D:5)
  Edmund (D:5)
  3 phantoms (D:4)
  A centaur (D:5)
  A scorpion (D:5)
  A bullfrog zombie (D:5)
  2 centaur skeletons (D:4)
  3 worker ants (D:4)
  5 adders
  3 gnolls (D:3)
  3 oozes (D:2)
  5 worms
  2 dart slugs (D:1)
  6 leopard geckos
  An orc (D:4)
  7 giant cockroaches
  13 goblins
  7 hobgoblins
  4 jackals (D:5)
  6 kobolds
  3 quokkas
  2 ball pythons
  12 bats
  8 frilled lizards
  3 leopard gecko skeletons (D:4)
  10 rats
113 creatures vanquished.

Vanquished Creatures (collateral kills)
  A crimson imp (D:5)
1 creature vanquished.

Vanquished Creatures (others)
  A human (D:4)
1 creature vanquished.

Grand Total: 115 creatures vanquished

Notes
Turn   | Place    | Note
-------+----------+-------------------------------------------
     0 | D:1      | southernslant the Merfolk Gladiator began the quest for the
                  | Orb.
     0 | D:1      | Reached XP level 1. HP: 16/16 MP: 1/1
    84 | D:1      | Reached XP level 2. HP: 20/22 MP: 2/2
   146 | D:1      | Reached skill level 5 in Polearms
   356 | D:1      | Reached XP level 3. HP: 18/27 MP: 3/3
   995 | D:2      | Reached XP level 4. HP: 21/34 MP: 4/4
  1266 | D:2      | Reached skill level 5 in Dodging
  1340 | D:2      | Found a stormy altar of Qazlal.
  1407 | D:2      | Reached XP level 5. HP: 39/40 MP: 5/5
  2340 | D:4      | Reached skill level 1 in Armour
  2388 | D:4      | Noticed a phantom
  2443 | D:4      | Killed a phantom
  2443 | D:4      | Reached skill level 6 in Dodging
  2443 | D:4      | Reached XP level 6. HP: 15/48 MP: 6/6
  2571 | D:4      | Got a distressingly furry leather armour
  2591 | D:4      | Identified the cursed +1 leather armour "Houn" {rF+ rCorr}
                  | (You found it on level 4 of the Dungeon)
  2639 | D:4      | Found an ancient bone altar of Kikubaaqudgha.
  2639 | D:4      | Noticed a human
  2642 | D:4      | Killed a human
  2799 | D:4      | Learned a level 2 spell: Sticks to Snakes
  2810 | D:4      | Noticed a phantom
  2818 | D:4      | Killed a phantom
  2818 | D:4      | Reached XP level 7. HP: 45/55 MP: 7/7
  2863 | D:4      | Reached skill level 1 in Transmutations
  3147 | D:5      | Entered Level 5 of the Dungeon
  3169 | D:5      | Reached skill level 1 in Spellcasting
  3239 | D:5      | Reached skill level 7 in Dodging
  3303 | D:5      | Reached skill level 5 in Fighting
  3397 | D:5      | Noticed Menkaure
  3409 | D:5      | Noticed Edmund
  3421 | D:5      | Killed Menkaure
  3421 | D:5      | Reached XP level 8. HP: 36/62 MP: 2/10
  3440 | D:5      | HP: 2/62 [Edmund/+2 flail of crushing (5)]
  3442 | D:5      | Killed Edmund
  3446 | D:5      | Slain by a scorpion

Levels and vault maps discovered:
D:1:      evilmike_arrival_hilbert_curve, layout_basic, minmay_bisected
D:2:      layout_basic, lemuel_round_altar, glass_columns_c, minmay_tetromino_t4
D:3:      layout_basic
D:4:      layout_loops_ring, tgw_kikubaaqudgha
D:5:      layout_basic, serial_shops, shop, first_ration,
          hangedman_decor_growths, kennysheep_generic_room_13, uniq_menkaure,
          uniq_edmund, uniq_duvessa

Skill      XL: |  1  2  3  4  5  6  7 |
---------------+----------------------+-----
Polearms       | 5 6 |  6.1
Dodging        | 5 6 7 |  7.5
Fighting       | 3 4 5 |  5.3
Armour         | 1 2 |  2.1
Throwing       | 3 |  3.6
Transmutations | 2 |  2.2
Spellcasting   | 1 |  1.5
Stealth        | |  0.3

Action                   |  1- 3 |  4- 6 |  7- 9 || total
-------------------------+-------+-------+-------++-------
Melee: Trident           |   137 |   229 |   114 ||   480
Throw: Dart              |       |     7 |     4 ||    11
       Javelin           |       |     3 |     8 ||    11
       Throwing net      |       |     1 |       ||     1
 Cast: Sticks to Snakes  |       |       |     9 ||     9
  Use: Scroll            |       |     3 |       ||     3
       Potion            |       |       |     1 ||     1
 Stab: Sleeping          |     1 |     2 |     1 ||     4
  Eat: Chunk             |       |     7 |     3 ||    10
Armor: Leather armour    |    32 |    49 |    26 ||   107
Dodge: Dodged            |    95 |   136 |    77 ||   308
